 Dungeon Crawl Stone Soup version 0.23-a0-181-g24f899a (webtiles) character file.

65 Inarius the Skirmisher (level 3, -2/30 HPs)
             Began as a Mummy Fighter on Sept 19, 2018.
             Slain by an adder (3 damage)
             ... on level 2 of the Dungeon.
             The game lasted 00:01:49 (1624 turns).

Inarius the Skirmisher (Mummy Fighter)              Turns: 1624, Time: 00:01:49

Health: -2/30      AC:  6    Str: 20    XL:     3   Next: 92%
Magic:  3/3        EV:  7    Int:  7    God:
Gold:   20         SH:  9    Dex: 11    Spells: 2/2 levels left

rFire    x . .     SeeInvis .   a - +0 flail
rCold    + . .     Gourm    .   c - +0 shield
rNeg     + + +     Faith    .   b - +0 scale mail
rPois    ∞         Spirit   .   (no helmet)
rElec    .         Reflect  .   (no cloak)
rCorr    .         Harm     .   (no gloves)
MR       .....                  (no boots)
Stlth    ..........             (no amulet)
HPRegen  0.10/turn              (no ring)
MPRegen  0.08/turn              (no ring)

@: no status effects
A: no food or potions, fire vulnerability, cold resistance 1, negative energy
resistance 3, torment resistance, unbreathing
a: no special abilities


You were on level 2 of the Dungeon.
You were not hungry.

You visited 1 branch of the dungeon, and saw 2 of its levels.

You collected 20 gold pieces.

Inventory:

Hand Weapons
 a - a +0 flail (weapon)
Missiles
 h - 6 javelins (quivered)
Armour
 b - a +0 scale mail (worn)
 c - a +0 shield (worn)
Jewellery
 e - an uncursed ring of protection from magic {unknown}
Scrolls
 d - a scroll of remove curse
 g - a scroll of magic mapping


   Skills:
 * Level 3.7 Fighting
 - Level 1.5 Maces & Flails
 + Level 3.0 Armour
 + Level 0.4 Dodging
 + Level 2.9 Shields


You had 2 spell levels left.
You didn't know any spells.
Your spell library was empty.

Dungeon Overview and Level Annotations

Branches:
Dungeon (2/15)

Altars:
Elyvilon
Hepliaklqana

Annotations:
D:2 Jessica, Natasha


Innate Abilities, Weirdness & Mutations

You do not eat or drink.
Your flesh is vulnerable to fire.
You are immune to poison.
Your flesh is cold resistant. (rC+)
You are immune to negative energy. (rN+++)
You are immune to unholy pain and torment.
You can survive without breathing.


Message History

* * * LOW HITPOINT WARNING * * *
As you read the scroll labeled RUYBIC AVUSAQ, it crumbles to dust.
It is a scroll of identify.
d - a scroll of remove curse You block the adder's attack.
You block the shadow imp's attack.
The crimson imp blinks!
You closely miss the adder. The adder barely misses you.
The shadow imp grins evilly.
The shadow imp hits you.
* * * LOW HITPOINT WARNING * * *
The adder barely misses you.
You closely miss the adder. The adder bites you.
* * * LOW HITPOINT WARNING * * *
The shadow imp barely misses you. x2; You block the adder's attack.
You thump the adder!
The adder is almost dead.
The adder bites you.
* * * LOW HITPOINT WARNING * * *
You block the shadow imp's attack. The adder bites you.
You die...

....................).....##.##,,
.!..........†.............!...#,,
....##.##...[.................#,*
....#...#.....................#,*
....#.P.#......................,*
....#...#......###............##*
....##.##......# ##..........##*,
.....#.#.....#.#####..........,,,
###.##.########.@5...(...,*,#****
,,###...***,,,#S####....#**.# *
,,,,,._.....P.JhJJ5.....#*#.###**
,,***,,,###...#5.###....##....,,,
******,**,#####.........#...#****
,,**,*,*,,,,,..............#*
,,,,**,**,,*,..........K..##
,,,**,,,*,,*,........555S..#
,,,**,,,*,,,,..........#...##


You could see an iron imp, Natasha, an ooze, an adder and a shadow imp.

Vanquished Creatures
  Natasha (D:2)
  An adder (D:2)
  2 oozes (D:2)
  A leopard gecko (D:1)
  2 ball pythons (D:2)
  3 hobgoblins (D:1)
  2 jackals (D:2)
  6 bats
  2 kobolds
  3 rats
23 creatures vanquished.

Notes
Turn   | Place    | Note
-------+----------+-------------------------------------------
     0 | D:1      | Inarius the Mummy Fighter began the quest for the Orb.
     0 | D:1      | Reached XP level 1. HP: 18/18 MP: 1/1
   587 | D:1      | Reached XP level 2. HP: 20/24 MP: 2/2
  1367 | D:2      | Reached XP level 3. HP: 29/29 MP: 3/3
  1372 | D:2      | Noticed Natasha
  1373 | D:2      | Noticed Jessica
  1388 | D:2      | Found a hazy altar of Hepliaklqana.
  1447 | D:2      | Killed Natasha
  1592 | D:2      | Found a white marble altar of Elyvilon.
  1611 | D:2      | Noticed Natasha
  1623 | D:2      | HP: 1/30 [adder (2)]
  1624 | D:2      | Slain by an adder

Vault maps used:
D:1:      dpeg_arrival_concentric_ovals
D:2:      lemuel_round_altar, elyvilon_altar_1, uniq_jessica, uniq_natasha,
          uniq_crazy_yiuf_cottage

Skill      XL: |  1  2  3 |
---------------+----------+-----
Armour         | 3 |  3.0
Fighting       | |  3.7
Maces & Flails | |  1.5
Dodging        | |  0.4
Shields        | |  2.9

Action                   || total
-------------------------++-------
Melee: Flail             ||   125
  Use: Scroll            ||     4
Armor: Scale mail        ||    85
Dodge: Dodged            ||    55
Block: Shield            ||    94

Table legend:
 A = Non-vault XP
 B = Vault XP
 C = Vault XP percentage of total XP
 D = Non-vault monster count
 E = Vault monster count
 F = Vault count percentage of total count
                 A         B        C        D         E       F
            +---------+---------+-------+---------+---------+-------
      Total |      58 |      35 |  37.6 |      22 |       1 |   4.3
            +---------+---------+-------+---------+---------+-------
        D:1 |      16 |       0 |   0.0 |      10 |       0 |   0.0
        D:2 |      42 |      35 |  45.5 |      12 |       1 |   7.7
            +---------+---------+-------+---------+---------+-------
